 Seeded DCSS version 0.29.1-15-g9cfb28693d (webtiles) character file.

Game seed: 1 (custom seed)

67 Kazon the Trooper (level 4, 0/37 HPs)
             Began as a Barachi Fighter on Mar 30, 2023.
             Slain by a gnoll
             ... wielding a +0 halberd
              (10 damage)
             ... on level 2 of the Dungeon.
             The game lasted 00:06:07 (1523 turns).

Kazon the Trooper (Barachi Fighter)                 Turns: 1523, Time: 00:06:08

Health: 0/37       AC: 10    Str: 24    XL:     4   Next: 16%
Magic:  4/4        EV:  9    Int: 11    God:
Gold:   180        SH:  4    Dex: 11    Spells: 3/3 levels left

rFire   . . .      SeeInvis .   e - +2 dagger (venom)
rCold   . . .      Faith    .   c - +0 buckler
rNeg    . . .      Spirit   .   n - +0 scale mail
rPois   .          Reflect  .   m - +0 helmet
rElec   +          Harm     .   (no cloak)
rCorr   .          Rampage  .   (no gloves)
Will    .....                   f - +1 pair of boots "Oziudghew" {rElec Str+7}
Stlth   ..........              g - amulet of the acrobat
HPRegen 0.12/turn               (no ring)
MPRegen 0.09/turn               (no ring)

@: slow
A: amphibious, slowness 1, strong legs 1, +LOS
a: Hop


You were on level 2 of the Dungeon.
You visited 1 branch of the dungeon, and saw 2 of its levels.

You collected 180 gold pieces.

Inventory:

Hand Weapons
 a - a +0 long sword
 e - a +2 dagger of venom (weapon)
Missiles
 l - 3 stones (quivered)
Armour
 c - a +0 buckler (worn)
 f - the +1 pair of boots "Oziudghew" (worn) {rElec Str+7}
   (You acquired it on level 1 of the Dungeon)

   Str:       It affects your strength (+7).
   rElec:     It insulates you from electricity.
 m - a +0 helmet (worn)
 n - a +0 scale mail (worn)
Jewellery
 g - an amulet of the acrobat (around neck)
Scrolls
 j - a scroll of identify {unknown}
 k - a scroll of fog {unknown}
 o - a scroll of immolation {unknown}
Potions
 b - a potion of berserk rage {unknown}
 d - a potion of might
 h - a potion of flight {unknown}
 i - a potion of attraction {unknown}
 p - a potion of haste {unknown}


   Skills:
 + Level 4.2 Fighting
 + Level 3.3 Long Blades
 + Level 4.2 Armour
 + Level 0.1 Dodging
 + Level 4.0 Shields


You had 3 spell levels left.
You didn't know any spells.
Your spell library contained the following spells:

 Spells                   Type           Power      Damage    Failure   Level
 Apportation              Tloc           0%         N/A       73%         1
 Necrotise                Necr           0%         1d4       73%         1
 Sting                    Tmut/Pois      0%         1d3       73%         1
 Summon Small Mammal      Summ           0%         N/A       73%         1
 Poisonous Vapours        Pois/Air       0%         N/A       86%         2
 Olgreb's Toxic Radiance  Pois           0%         N/A       100%        4


Dungeon Overview and Level Annotations

Branches:
Dungeon (2/15)

Altars:


Innate Abilities, Weirdness & Mutations

You are amphibious.
You cover ground slowly.
You can hop short distances.
You have an extended range of vision and can be seen from far away.


Message History

You block the gnoll's attack.
You barely miss the gnoll.
The gnoll is lightly wounded.
You block the gnoll's attack.
You closely miss the gnoll.
The gnoll is lightly wounded.
The gnoll hits you with a +0 spear.
You hit the gnoll.
The gnoll is poisoned.
The gnoll is moderately wounded.
The gnoll closely misses you.
You closely miss the gnoll.
The gnoll is moderately wounded.
You block the gnoll's attack.
You barely miss the gnoll.
The gnoll is heavily wounded.
You block the gnoll's attack.
You closely miss the gnoll.
The gnoll is heavily wounded.
The gnoll hits you with a +0 spear.
You closely miss the gnoll.
The gnoll is heavily wounded.
The gnoll looks more healthy.
The gnoll hits you but does no damage.
You hit the gnoll.
The gnoll is poisoned.
The gnoll is almost dead.
The gnoll hits you but does no damage.
You hit the gnoll.
You kill the gnoll!
The goblin shoots a sling bullet.
The sling bullet hits you but does no damage.
The gnoll misses you.
The goblin unwields a +0 sling.
The goblin wields a +0 club.
The goblin misses you.
Things that are here:
a +0 spear; a throwing net You barely miss the goblin.
The gnoll hits you from afar with a +0 halberd.
* * * LOW HITPOINT WARNING * * *
The goblin hits you but does no damage.
You closely miss the goblin.
The gnoll hits you from afar with a +0 halberd!
You die...

#.#
#..........#
..#
#...########
###### ###.#
...... #.#
...... #.#
#####. #.#
#># #.# #@#
#g# #g# #.#
... ... ...
## ....# ..
....#


You could see a gnoll and a goblin.

Vanquished Creatures
  A gnoll (D:2)
  2 adders (D:2)
  A worm (D:2)
  7 endoplasms
  A giant cockroach (D:1)
  6 goblins
  4 hobgoblins
  3 kobolds
  A quokka (D:1)
  2 ball pythons (D:2)
  2 bats
  2 frilled lizards (D:2)
  3 rats (D:1)
35 creatures vanquished.

Notes
Turn   | Place    | Note
-------+----------+-------------------------------------------
     0 | D:1      | Kazon the Barachi Fighter began the quest for the Orb.
     0 | D:1      | Reached XP level 1. HP: 18/18 MP: 1/1
    34 | D:1      | Identified a scroll of acquirement
    34 | D:1      | Acquired the +1 pair of boots "Oziudghew" {rElec Str+7}
   358 | D:1      | Reached XP level 2. HP: 19/25 MP: 2/2
   928 | D:2      | Reached XP level 3. HP: 30/30 MP: 3/3
  1424 | D:2      | Reached XP level 4. HP: 8/37 MP: 4/4
  1523 | D:2      | Slain by a gnoll

Illustrated notes

Levels and vault maps discovered:
D:1:      dpeg_arrival_three_smaller_balls, layout_basic
D:2:      layout_loops_ring

Skill      XL: |  1  2  3 |
---------------+----------+-----
Long Blades    | 3 |  3.3
Shields        | 4 |  4.0
Armour         | 4 |  4.2
Fighting       | 4 |  4.2
Dodging        | |  0.1

Action                   |  1- 3 |  4- 6 || total
-------------------------+-------+-------++-------
Melee: Long sword        |    99 |       ||    99
       Dagger            |     2 |    12 ||    14
Throw: Stone             |    10 |     4 ||    14
  Use: Scroll            |     1 |       ||     1
Armor: Scale mail        |    53 |     5 ||    58
Dodge: Dodged            |    50 |     4 ||    54
Block: Buckler           |    22 |     4 ||    26
